 Dungeon Crawl Stone Soup version 0.29-a0-817-g9904bce7a6 (webtiles) character file.

Game seed: 16380318310823640787

211 pericles the Shield-Bearer (level 5, -2/47 HPs)
             Began as a Gnoll Fighter on July 5, 2022.
             Was an Initiate of Gozag.
             Slain by a gnoll
             ... wielding a +0 halberd
              (10 damage)
             ... on level 4 of the Dungeon.
             The game lasted 00:11:39 (2621 turns).

pericles the Shield-Bearer (Gnoll Fighter)          Turns: 2621, Time: 00:11:40

Health: -2/47      AC:  7    Str: 18    XL:     5   Next: 88%
Magic:  7/7        EV:  9    Int:  7    God:    Gozag
Gold:   313        SH:  5    Dex: 11    Spells: 7/7 levels left

rFire   . . .      SeeInvis .   a - +0 long sword
rCold   . . .      Faith    .   c - +0 buckler
rNeg    . . .      Spirit   .   b - +0 scale mail
rPois   .          Reflect  .   (no helmet)
rElec   .          Harm     .   (no cloak)
rCorr   .          Rampage  .   (no gloves)
Will    .....                   (no boots)
Stlth   ..........              j - amulet of magic regeneration
HPRegen 0.15/turn               (no ring)
MPRegen 0.50/turn               (no ring)

@: mighty, gold aura
A: fangs 1, strong nose, distributed training
a: Renounce Religion, Potion Petition, Call Merchant, Bribe Branch


You were on level 4 of the Dungeon.
You worshipped Gozag.
Gozag was aware of your devotion.
You visited 1 branch of the dungeon, and saw 5 of its levels.

You collected 334 gold pieces.
You paid 21 gold pieces to Gozag.

Inventory:

Hand Weapons
 a - a +0 long sword (weapon)
Armour
 b - a +0 scale mail (worn)
 c - a +0 buckler (worn)
Jewellery
 j - an amulet of magic regeneration (around neck)
Scrolls
 f - 2 scrolls of summoning
 g - a scroll of torment
 h - 3 scrolls of identify
 i - a scroll of enchant armour
Potions
 e - a potion of haste


   Skills:
 + Level 6.7 Fighting
 + Level 1.7 Short Blades
 + Level 4.9 Long Blades
 + Level 1.7 Axes
 + Level 1.7 Maces & Flails
 + Level 1.7 Polearms
 + Level 1.7 Staves
 + Level 1.7 Ranged Weapons
 + Level 1.7 Throwing
 + Level 6.7 Armour
 + Level 1.7 Dodging
 + Level 1.7 Stealth
 + Level 6.7 Shields
 + Level 1.7 Unarmed Combat
 + Level 1.7 Spellcasting
 + Level 1.3 Conjurations
 + Level 1.3 Hexes
 + Level 1.3 Summonings
 + Level 1.3 Necromancy
 + Level 1.3 Translocations
 + Level 1.3 Transmutations
 + Level 1.3 Fire Magic
 + Level 1.3 Ice Magic
 + Level 1.3 Air Magic
 + Level 1.3 Earth Magic
 + Level 1.3 Poison Magic
 + Level 2.0 Invocations
 + Level 1.7 Evocations


You had 7 spell levels left.
You didn't know any spells.
Your spell library contained the following spells:

 Spells                   Type           Power      Damage    Failure   Level
 Sandblast                Erth           4%         2d4       63%         1
 Passwall                 Tmut/Erth      1%         N/A       77%         2
 Stone Arrow              Conj/Erth      4%         3d7       94%         3


Dungeon Overview and Level Annotations

Branches:
Dungeon (5/15)
 Temple: D:4-7

Altars:
Gozag

Shops:
D:4 (


Innate Abilities, Weirdness & Mutations

You have very sharp teeth.
Your uncanny sense of smell can sniff out nearby items.
Your experience applies equally to all skills.


Message History

The gnoll hits you but does no damage.
Things that are here:
4 gold pieces; a +0 spear You slash the gnoll!
The gnoll is severely wounded.
The gnoll hits you with a +0 whip. The gnoll closely misses you.
You block the gnoll's attack.
You barely miss the gnoll.
The gnoll is severely wounded.
The gnoll misses you. The gnoll closely misses you.
The gnoll hits you but does no damage.
You closely miss the gnoll.
The gnoll is severely wounded.
The gnoll closely misses you. The gnoll hits you with a +0 spear.
You block the gnoll's attack.
You hit the gnoll but do no damage.
The gnoll is severely wounded.
The hobgoblin closely misses you. The gnoll barely misses you.
The gnoll hits you from afar with a +0 halberd!
The gnoll hits you with a +0 spear!
* * * LOW HITPOINT WARNING * * *
You hit the hobgoblin.
The hobgoblin is heavily wounded.
The hobgoblin hits you but does no damage.
You block the gnoll's attack. The gnoll hits you but does no damage.
You block the gnoll's attack. The gnoll barely misses you.
You block the gnoll's attack. x2
The hobgoblin hits you but does no damage.
You feel very mighty all of a sudden. The hobgoblin hits you.
* * * LOW HITPOINT WARNING * * *
You block the gnoll's attack. The gnoll barely misses you. x2
The gnoll barely misses you. x2; The gnoll closely misses you.
The gnoll hits you from afar with a +0 halberd.
* * * LOW HITPOINT WARNING * * *
You slash the hobgoblin!
You kill the hobgoblin!
The gnoll hits you from afar with a +0 halberd!
You die...
Your body crumbles into a pile of gold.

## . ..... . #. ....#
..##.## ....# .......
.S..# .......## #....#
........#######..#.#####
......gg$@.............#
.......#.#.............###
.......#g............^...#
..∩.∩...####.............#
$ ......#. ##............#
..∩.∩.#.#####............#
##..........#.........>..#
..####. #..............#
##.........)...#


You could see 3 gnolls.

Vanquished Creatures
  An ice beast (D:5)
  A gnoll (D:4)
  6 adders
  An ufetubus (D:4)
  2 worms (D:3)
  A dart slug (D:3)
  An endoplasm (D:1)
  2 giant cockroaches
  4 goblins
  6 hobgoblins
  6 kobolds
  3 quokkas
  3 ball pythons
  A frilled lizard (D:3)
  5 rats
43 creatures vanquished.

Vanquished Creatures (collateral kills)
  An endoplasm (D:2)
  2 giant cockroaches (D:2)
  A goblin (D:2)
4 creatures vanquished.

Vanquished Creatures (others)
  A plant (D:2)
1 creature vanquished.

Grand Total: 48 creatures vanquished

Notes
Turn   | Place    | Note
-------+----------+-------------------------------------------
     0 | D:1      | pericles the Gnoll Fighter began the quest for the Orb.
     0 | D:1      | Reached XP level 1. HP: 23/23 MP: 1/1
   257 | D:2      | Reached XP level 2. HP: 29/29 MP: 2/2
   430 | D:2      | Found an opulent altar of Gozag.
   616 | D:2      | Became a worshipper of Gozag Ym Sagoz the Greedy
   838 | D:2      | Reached XP level 3. HP: 35/35 MP: 2/4
   931 | D:2      | Reached skill level 1 in Invocations
  1136 | D:2      | You fall into a shaft and drop 1 floor!
  1202 | D:3      | Reached skill level 1 in Short Blades
  1202 | D:3      | Reached skill level 1 in Axes
  1202 | D:3      | Reached skill level 1 in Maces & Flails
  1202 | D:3      | Reached skill level 1 in Polearms
  1202 | D:3      | Reached skill level 1 in Staves
  1202 | D:3      | Reached skill level 1 in Ranged Weapons
  1202 | D:3      | Reached skill level 1 in Throwing
  1202 | D:3      | Reached skill level 1 in Dodging
  1202 | D:3      | Reached skill level 1 in Stealth
  1202 | D:3      | Reached skill level 1 in Unarmed Combat
  1202 | D:3      | Reached skill level 1 in Spellcasting
  1202 | D:3      | Reached skill level 1 in Evocations
  1311 | D:3      | Reached XP level 4. HP: 23/41 MP: 5/5
  1423 | D:3      | Reached skill level 1 in Conjurations
  1423 | D:3      | Reached skill level 1 in Hexes
  1423 | D:3      | Reached skill level 1 in Summonings
  1423 | D:3      | Reached skill level 1 in Necromancy
  1423 | D:3      | Reached skill level 1 in Translocations
  1423 | D:3      | Reached skill level 1 in Transmutations
  1423 | D:3      | Reached skill level 1 in Fire Magic
  1423 | D:3      | Reached skill level 1 in Ice Magic
  1423 | D:3      | Reached skill level 1 in Air Magic
  1423 | D:3      | Reached skill level 1 in Earth Magic
  1423 | D:3      | Reached skill level 1 in Poison Magic
  2237 | D:3      | You fall into a shaft and drop 2 floors!
  2237 | D:5      | Entered Level 5 of the Dungeon
  2267 | D:5      | Noticed an ice beast
  2289 | D:5      | Killed an ice beast
  2290 | D:5      | Reached XP level 5. HP: 23/47 MP: 5/7
  2523 | D:4      | Found Guneleku's Weapon Boutique.
  2621 | D:4      | Slain by a gnoll

Illustrated notes

Levels and vault maps discovered:
D:1:      minmay_arrival_diagonal_passages, layout_basic,
          hellmonk_ecumenical_altar_zigzags
D:2:      layout_basic, basic_altar, serial_bayou_crossing
D:3:      layout_basic, kennysheep_generic_room_14
D:4:      layout_rooms, tso_metal_star, serial_shops,
          nicolae_shop_competitors_out_of_business, uniq_eustachio,
          uniq_blork_the_orc, uniq_menkaure
D:5:      layout_basic

Skill      XL: |  1  2  3  4  5 |
---------------+----------------+-----
Invocations    | 1 2 |  2.0
Short Blades   | 1 |  1.7
Axes           | 1 |  1.7
Maces & Flails | 1 |  1.7
Polearms       | 1 |  1.7
Staves         | 1 |  1.7
Ranged Weapons | 1 |  1.7
Throwing       | 1 |  1.7
Dodging        | 1 |  1.7
Stealth        | 1 |  1.7
Unarmed Combat | 1 |  1.7
Spellcasting   | 1 |  1.7
Evocations     | 1 |  1.7
Conjurations   | 1 |  1.3
Hexes          | 1 |  1.3
Summonings     | 1 |  1.3
Necromancy     | 1 |  1.3
Translocations | 1 |  1.3
Transmutations | 1 |  1.3
Fire Magic     | 1 |  1.3
Ice Magic      | 1 |  1.3
Air Magic      | 1 |  1.3
Earth Magic    | 1 |  1.3
Poison Magic   | 1 |  1.3
Fighting       | |  6.7
Long Blades    | |  4.9
Armour         | |  6.7
Shields        | |  6.7

Action                   |  1- 3 |  4- 6 || total
-------------------------+-------+-------++-------
Melee: Long sword        |    97 |    84 ||   181
       Bite              |     7 |     4 ||    11
  Use: Scroll            |     4 |     2 ||     6
       Potion            |     5 |     5 ||    10
Armor: Scale mail        |    42 |    46 ||    88
Dodge: Dodged            |    49 |    53 ||   102
Block: Buckler           |    30 |    40 ||    70

Table legend: (Time is in decaauts)
 A = Elapsed time spent in this place.
 B = Non-inter-level travel time spent in this place.
 C = Inter-level travel time spent in this place.
 D = Time resting spent in this place.
 E = Time spent auto-exploring this place.
 F = Levels seen in this place.
 G = Mean time per level.
                   A        B        C        D        E       F      G
               +--------+--------+--------+--------+--------+-----+--------+
         Total |   2649 |   2649 |      0 |    727 |    338 |   5 |  529.8 |
       Dungeon |   2649 |   2649 |      0 |    727 |    338 |   5 |  529.8 |
               +--------+--------+--------+--------+--------+-----+--------+

Top non-repeatable levels by time:
     D:2: 971 daAuts
     D:3: 962 daAuts
     D:1: 324 daAuts
     D:5: 234 daAuts
     D:4: 156 daAuts
